[Event "European Women Blitz-ch 2024"]
[Site "Monaco"]
[Date "2025.01.10"]
[Round "13.11"]
[White "Hunt, Harriet V"]
[Black "Cramling Bellon, Anna"]
[Result "1-0"]
[Annotator "TA"]
[ECO "B31"]
[WhiteElo "2298"]
[BlackElo "2052"]
[PlyCount "95"]
[EventDate "2025.01.06"]
[EventType "swiss"]
[EventCountry "MNC"]
[SourceTitle "playchess.com"]
[Source "ChessBase"]
[SourceQuality "1"]
[TimeControl "180+2"]

1. e4 c5 2. Nf3 Nc6 3. Bb5 g6 4. Bxc6 dxc6 5. d3 Bg7 6. h3 e5 7. Be3 b6 8. Nc3 Ne7 9. Qd2 O-O 10. Bh6 Bxh6 11. Qxh6 f6 12. h4 Bg4 (12... Kh8 $11) 13. Nh2 {[%emt 0:00:07] White is more active.} (13. h5 $1 $16 gxh5 14. Nh4) 13... Be6 $11 14. f4 exf4 15. Qxf4 Qb8 16. Qe3 Qd6 (16... Qe5 $11 {deserves consideration.}) 17. O-O-O $14 f5 18. Nf3 f4 19. Qf2 Bg4 20. e5 (20. Rde1 $16) 20... Qe6 $11 21. Rde1 h6 {[%emt 0:00:13] Prevents Ng5.} 22. Kb1 Nf5 ({Black should try} 22... Nd5 $11) 23. Nh2 (23. Ne4 {is interesting.} Ne3 24. Nf6+ Kg7 25. Nh2) 23... Ne3 (23... Ng3 $11) 24. Nxg4 $2 (24. g3 $16) 24... Qxg4 (24... Nxg4 $15 25. Qf1 Rf5 (25... Nxe5 26. Re4 $17)) 25. Ne4 (25. g3 $11 Nd5 26. Nxd5 cxd5 27. gxf4 Rxf4 28. Qh2) 25... Kg7 (25... Qxg2 $15 26. Qxg2 Nxg2) 26. Nf6 (26. Rhg1 $14 Nd5 27. d4) 26... Qf5 (26... Qxg2 $11 {keeps the balance.} 27. Qxf4 Qxc2+ 28. Ka1 Ng2) 27. Qf3 (27. Rxe3 fxe3 28. Qxe3 Rxf6 29. exf6+ Qxf6 $11) (27. h5 $1 $16) 27... Rad8 $1 28. Qxc6 (28. Rxe3 $5 fxe3 29. Qxe3 $11) 28... Qxe5 29. Nd7 $2 (29. Ng4 $1 $11 Qe7 (29... Nxg4 $2 30. Rxe5 Nxe5 31. Qc7+ Nf7 32. Qxf4 $18) 30. h5) 29... Qe7 $4 (29... Qe8 $19 {avoids the disaster.} 30. Nb8 Rxb8) 30. Nxf8 $18 Rxf8 31. h5 Rf6 32. Qf3 g5 33. g3 g4 34. Qa8 $2 (34. Qe2 $18) 34... fxg3 $2 {[%emt 0:00:03][%mdl 8192] [#]} (34... f3 $1 $17 {[%cal Rf3f2] and life is bright. ...f2 is the strong threat.} 35. Rhf1 Re6) 35. Rhg1 $1 Rf3 36. Qc8 ({Better is} 36. Qxf3 $18 gxf3 37. Rxg3+ Kh7 38. Rxf3) 36... Kh7 (36... Qf7 $16 37. a4 Kh7 (37... Qxh5 $2 38. Rxg3 Rxg3 39. Qc7+ Kg6 40. Qxg3 $18) (37... g2 $2 38. Rxe3 Rxe3 39. Qxg4+ Kh8 40. Qxg2 $18)) 37. Qxg4 (37. Qb8 $18 {and White stays clearly on top.}) 37... Nxg4 $16 38. Rxe7+ $18 {[%emt 0:00:01][%mdl 4096] Endgame KRR-KRN} Kg8 39. Re4 ({Resist} 39. Rxa7 Ne3 $14) (39. Kc1 $16 {[%cal Oc1d1] Hoping for Kd1!.} Ne3 40. Re6 (40. Rxa7 Rf1+ 41. Rxf1 Nxf1 $11)) 39... Ne3 {[%emt 0:00:01] [#]} (39... Nf2 $1 $11 40. Ra4 Nh3 41. Rg4+ Kf7) 40. Kc1 $1 $16 g2 41. Kd2 (41. Rxe3 $1 $16 Rxe3 42. Rxg2+ Kf7 43. Rf2+ Ke7 44. Rh2) 41... Nf1+ $2 (41... Rf1 $11 42. Rxg2+ Nxg2 43. Rg4+ Kh7 44. Rxg2 Rh1) 42. Kc3 $2 (42. Ke2) 42... Rf2 $2 (42... Ne3 43. Rxe3 Rxe3) 43. Rg4+ $18 Kf8 44. R1xg2 Rf7 45. Rg8+ Ke7 46. Re2+ Kd7 47. Rg6 Nh2 48. Rxh2 1-0

[Event "European Women Blitz-ch 2024"]
[Site "Monaco"]
[Date "2025.01.10"]
[Round "13.12"]
[White "Gaponenko, Inna"]
[Black "Injac, Teodora"]
[Result "0-1"]
[Annotator "TA"]
[ECO "C56"]
[WhiteElo "2346"]
[BlackElo "2453"]
[PlyCount "80"]
[EventDate "2025.01.06"]
[EventType "swiss"]
[EventCountry "MNC"]
[SourceTitle "playchess.com"]
[Source "ChessBase"]
[SourceQuality "1"]
[TimeControl "180+2"]

1. e4 e5 2. Nf3 Nc6 3. d4 exd4 4. Bc4 Nf6 5. e5 Ne4 6. O-O Be7 7. Qe2 Nc5 8. Rd1 Ne6 9. Bxe6 fxe6 10. Nxd4 Nxd4 11. Rxd4 O-O 12. Nc3 b6 13. Be3 Bb7 14. Rad1 Bc6 15. b4 a6 16. a4 b5 17. axb5 axb5 18. Nxb5 Rb8 (18... Qb8 $11 {keeps the balance.} 19. c4 Bxb4) 19. c4 (19. Na7 $16 {Nxc6 would now be deadly.} Qe8 20. b5 (20. Nxc6 dxc6 21. Rd7 Bxb4 $18)) 19... Bxb4 $11 20. Rg4 Qc8 21. Na7 (21. Qd3 Be7 22. Na7 Qa6 23. Nxc6 Qxc6 24. h4) 21... Qb7 22. Nxc6 (22. Qd3 Ra8 23. Nxc6 Qxc6 24. h3) 22... Qxc6 23. Rgd4 (23. Qd3 {with more complications.} Bc5 24. h3 Rf7 25. Bxc5 Qxc5 26. Qd4) 23... Bc5 24. Rxd7 Bxe3 25. Qxe3 $4 {[%emt 0:00:00][%mdl 8192] [#]} (25. fxe3 $11 Qc5 26. h3) 25... Qxd7 $1 $19 26. Re1 Qf7 27. f3 Rbd8 28. Qc5 Rd7 29. Re2 Rfd8 (29... Rd1+ $142 30. Kf2 Qh5 31. Qe7 Re8 (31... Qxh2 $2 32. Qxe6+ Kh8 33. Qe7 $19) 32. Qc5 Qh4+ (32... Qxh2 $2 33. Qb4 $19) 33. Ke3 Red8 (33... Qxh2 $2 34. Qc6 $19) (33... Qg5+ $2 34. f4 $19) 34. g4 Qh6+ 35. Kf2 Qxh2+ 36. Ke3 R8d3+ 37. Ke4 Qxe2+ (37... Rd4+ 38. Qxd4 Qxe2+ 39. Kf4 Rxd4+ 40. Kg3 g5 41. c5 Rd3 42. Kh3 Rxf3#) 38. Kf4 Qxf3+ (38... Rxf3+ 39. Kg5 Qd2+ 40. Qe3 Qxe3+ 41. Kh5 Qh6#) 39. Kg5 h6+ 40. Kh5 Qh3+ 41. Kg6 Qxg4#) 30. Kf2 h6 (30... Qh5 $142 31. Kg3 Rd4 32. Qe7 Re8 33. Qxe8+ Qxe8 34. Kf2 Qh5 (34... Rxc4 $2 35. g3 $19) 35. Re4 Rxe4 (35... Rd2+ $2 36. Kg3 $19) 36. fxe4 Qxh2 (36... Qxe5 $2 37. h3 $19) 37. Ke3 Qxg2 (37... Qxe5 $2 38. g4 $19) 38. Kd3 Qf3+ 39. Kc2 h5 (39... Qxe4+ 40. Kc3 g5 41. c5 g4 42. Kb3 g3 43. Ka3 g2 44. Ka2 g1=Q 45. Kb3 Qgb1+ 46. Kc3 Qed3#) 40. c5 h4 (40... Qxe4+ 41. Kc3 h4 42. Kd2 h3 43. Kc3 h2 44. Kb2 h1=Q 45. Kb3 Qhb1+ 46. Kc3 Qed3#) 41. Kd2 h3 (41... Qxe4 42. Kc3 h3 43. Kd2 h2 44. c6 h1=Q 45. Kc3 Qc1+ 46. Kb3 Qec4#) 42. c6 h2 (42... Qxe4 43. Kc3 h2 44. Kd2 h1=Q 45. Kc3 Qc1+ 46. Kb3 Qec4#) 43. Kc2 h1=Q (43... h1=B 44. Kd2 Qb3 45. Ke2 Bxe4 46. Kf2 Qd3 47. Ke1 Qe3+ 48. Kf1 Qd2 49. Kg1 Qg2#) 44. Kb2 Qh2+ 45. Kc1 Qfh1#) 31. Qc6 Qe7 32. g3 Rd4 33. Ke3 Rd3+ (33... Qa3+ $142 34. Kf2 Rd2 35. Qxe6+ Kh8 36. Qe8+ Rxe8 37. Rxd2 Qc3 (37... Rxe5 $2 38. Re2 $19) 38. Re2 Qd4+ (38... Qxc4 $2 39. f4 $19) (38... Rxe5 $2 39. Rxe5 Qxe5 40. f4 $19) 39. Kf1 Qxc4 (39... Rxe5 $2 40. Rxe5 Qxe5 41. f4 $19) 40. Kf2 Ra8 41. f4 Qd5 42. e6 Ra3 43. Re3 Qc5 44. Kg2 Qxe3 (44... Rxe3 45. e7 Qd5+ 46. Kh3 Qh5+ 47. Kg2 Re2+ 48. Kf1 Qf3+ 49. Kg1 Qg2#) 45. Kh3 Qxe6+ 46. Kg2 Ra2+ 47. Kf1 Qe2+ 48. Kg1 Qg2#) 34. Kf2 $19 Rd2 35. Rxd2 Rxd2+ 36. Ke3 Qd7 (36... Rxh2 $142 37. Kd4 Rd2+ 38. Ke3 Ra2 39. Kd4 Qd8+ 40. Kc5 Ra5+ 41. Qb5 Rxb5+ 42. Kxb5 Qd7+ 43. Kc5 g5 (43... Qe7+ $2 44. Kc6 $19) 44. f4 gxf4 (44... Qe7+ $2 45. Kd4 $19) 45. gxf4 h5 46. Kb4 h4 47. c5 h3 48. f5 h2 (48... exf5 {is a self mate.} 49. Kc3 h2 50. e6 Qxe6 51. Kd3 h1=Q 52. Kd2 Qa2+ 53. Kc3 Qf3+ 54. Kd4 Qad5#) 49. f6 h1=Q (49... h1=B 50. Kc3 Bc6 51. Kc2 Qd4 52. Kb3 Qd2 53. Ka3 Qc1+ 54. Kb3 Kf7 55. Kb4 Qb2+ 56. Kc4 Bb5#) 50. f7+ Kxf7 (50... Qxf7 51. Kb5 Qf4 52. c6 Qb1+ 53. Kc5 Qb6#) 51. Kc4 Qc1+ 52. Kb3 Qb5+ 53. Ka2 Qbc4#) 37. Qa8+ Kh7 38. Qe4+ g6 39. h4 Rd1 40. Kf4 Rd4 0-1

[Event "European Women Blitz-ch 2024"]
[Site "Monaco"]
[Date "2025.01.10"]
[Round "13.13"]
[White "Papp, Petra"]
[Black "Javakhishvili, Lela"]
[Result "1-0"]
[Annotator "TA"]
[ECO "A48"]
[WhiteElo "2235"]
[BlackElo "2426"]
[PlyCount "79"]
[EventDate "2025.01.06"]
[EventType "swiss"]
[EventCountry "MNC"]
[SourceTitle "playchess.com"]
[Source "ChessBase"]
[SourceQuality "1"]
[TimeControl "180+2"]

1. d4 Nf6 2. Nf3 b6 3. Bf4 Bb7 4. e3 g6 5. c3 Bg7 6. h3 O-O 7. Nbd2 d6 8. Bc4 Nbd7 9. O-O e6 10. a4 a6 11. Bh2 Qe7 12. Re1 Ne4 13. Nxe4 Bxe4 14. Nd2 Bb7 15. e4 c5 16. Nf1 (16. d5 $14) 16... Rfc8 (16... cxd4 $11 17. cxd4 Rfc8) 17. dxc5 dxc5 18. Qb3 Bc6 19. Rad1 Ne5 20. Be2 b5 21. f4 (21. axb5 axb5 22. Qc2 (22. Bxb5 $2 c4 $19) 22... c4) (21. Qa3 $142) 21... bxa4 (21... Nd7 $17 22. Qc2 (22. axb5 $2 axb5 23. Qc2 c4 $17) 22... c4 (22... bxa4 23. Ra1 $15)) 22. Qa3 (22. Qc2 $15 Nd7 23. Ne3) 22... Nd7 $17 23. e5 Nb6 24. Rd6 (24. Ne3 $142) 24... Nd5 ({Black should try} 24... Qb7 {And now ...Bf8 would win.} 25. Ne3 Rab8 26. Qxc5 Nd5 (26... Bxg2 27. Qa5 $17)) 25. c4 Nb4 26. Red1 {[%emt 0:00:01] [#]} Nc2 $1 27. Qc3 $2 (27. Qxc5 {was the only chance.} Bf8 28. Qf2) 27... Nd4 $19 28. R1xd4 (28. Bd3 {keeps fighting.}) 28... cxd4 29. Qxd4 Qb7 30. f5 exf5 31. Qd2 Rab8 32. e6 Qxb2 33. exf7+ Kf8 (33... Kxf7 $142 34. Rxc6 Bd4+ (34... Rxc6 $2 35. Qd7+ Kf8 36. Qxc6 $19) 35. Kh1 Rxc6 36. Bxb8 Qxd2 37. Nxd2 a3) 34. Rxc6 $2 (34. Qe3) 34... Bd4+ 35. Kh1 Rxc6 36. Qh6+ Bg7 37. Qf4 Rbc8 38. c5 a3 39. Bc4 a2 $4 {[%emt 0:00:02][%mdl 8192] [#]} ({Stronger than} 39... Rxc5 40. Qd6#) (39... Qd4 $19 40. Bb3 Qxf4 (40... Rxc5 41. Qd6+ Qxd6 42. Bxd6#) (40... Qxc5 $2 41. Qh4 $19) (40... a2 $2 41. Bxa2 Qxf4 42. Bxf4 $19) 41. Bxf4 Rd8 (41... Rxc5 42. Bd6#)) 40. Qd6+ $3 1-0

[Event "European Women Blitz-ch 2024"]
[Site "Monaco"]
[Date "2025.01.10"]
[Round "13.14"]
[White "Vega Gutierrez, Sabrina"]
[Black "Toncheva, Nadya"]
[Result "0-1"]
[Annotator "TA"]
[ECO "B20"]
[WhiteElo "2393"]
[BlackElo "2313"]
[PlyCount "60"]
[EventDate "2025.01.06"]
[EventType "swiss"]
[EventCountry "MNC"]
[SourceTitle "playchess.com"]
[Source "ChessBase"]
[SourceQuality "1"]
[TimeControl "180+2"]

1. e4 c5 2. b3 b6 3. d4 cxd4 4. Qxd4 Nc6 5. Qd2 Nf6 6. Nc3 Bb7 7. Bb2 e6 8. O-O-O Bb4 9. f3 d5 10. a3 Bxc3 (10... Ba5 $2 11. Bb5 $18 (11. exd5 Nxd5 12. b4 Ndxb4 $18) (11. b4 Nxb4 12. axb4 Bxb4 $18)) 11. Qxc3 {[%emt 0:00:11] Black should prevent exd5.} d4 12. Qe1 O-O 13. Ne2 e5 14. f4 Nxe4 15. fxe5 Qg5+ 16. Kb1 Rad8 17. Nxd4 Nxe5 18. Bd3 (18. h4 $14 Qf4 19. Be2) 18... Nxd3 $11 (18... Qxg2 $2 19. Rg1 Qh3 (19... Qxh2 $2 20. Bxe4 Bxe4 21. Qxe4 $18) (19... Nxd3 $2 20. Rxd3 Qxh2 21. Rxg7+ Kxg7 22. Nf3+ f6 23. Nxh2 $18) 20. Bxe4 $18) 19. Rxd3 Rfe8 (19... Qxg2 $2 20. Rg1 $18) 20. Nf3 Qc5 $36 {[%emt 0:00:15][%mdl 2048] Black has the initiative.} (20... Qxg2 $2 21. Rg1 Rxd3 22. Rxg2 $18) 21. Rxd8 Rxd8 22. Qe2 {[%emt 0:00:02] [#]} (22. a4 $11) 22... Re8 {[%emt 0:00:36] Black has more active pieces.} ({Black should play} 22... Qxa3 $1 $17 23. Ng5 Qe7 (23... Rd2 $2 24. Qh5 $18) 24. Nxe4 Qxe4) 23. Ka1 Bc6 24. Re1 Nf6 25. Qd1 {[%emt 0:00:02] White is weak on the light squares} Rxe1 26. Qxe1 (26. Nxe1 $11 Qe7 27. Nf3) 26... Qxc2 $17 27. Nd4 Qxg2 28. Qe7 Qd5 (28... h5 $17 {and ...Be4 should not be overlooked} 29. Nxc6 Qxc6 30. Qxa7 Qh1+ 31. Ka2 Qxh2 32. Qxb6 Qg2) 29. Nxc6 (29. Qxa7 $11 {remains equal.} b5 30. Nxc6 Qxc6 31. a4) 29... Qxc6 30. Bxf6 $4 (30. Qxa7 $17 Nd7 31. Ka2) 30... Qxf6+ 0-1

[Event "European Women Blitz-ch 2024"]
[Site "Monaco"]
[Date "2025.01.10"]
[Round "13.15"]
[White "Zhukova, Natalia"]
[Black "Sliwicka, Alicja"]
[Result "1-0"]
[Annotator "TA"]
[ECO "D27"]
[WhiteElo "2306"]
[BlackElo "2344"]
[PlyCount "59"]
[EventDate "2025.01.06"]
[EventType "swiss"]
[EventCountry "MNC"]
[SourceTitle "playchess.com"]
[Source "ChessBase"]
[SourceQuality "1"]
[TimeControl "180+2"]

1. c4 e6 2. Nc3 d5 3. d4 Nf6 4. Nf3 dxc4 5. e3 a6 6. a4 c5 7. Bxc4 Nc6 8. O-O cxd4 9. exd4 Be7 10. Be3 O-O 11. Qe2 Bd7 12. Ne5 Rc8 13. Rfd1 Nb4 {[%emt 0:00:04] [#]} (13... Be8 $11 {remains equal.}) 14. a5 {[%emt 0:00:40] White is much more active.} (14. d5 $1 $16 {[%cal Rd5e6] Hoping for dxe6.} exd5 15. Bxd5) 14... Bd6 15. Bg5 Be7 16. Bb3 Rc7 17. Qf3 h6 18. Bf4 Rc8 $2 {[%emt 0:00:19][%mdl 8192] [#]} (18... Nbd5 $11 {and Black stays safe.}) 19. Qxb7 $2 (19. d5 $1 $18 Nbxd5 20. Nxd5 exd5 21. Bxd5) 19... Bc6 $2 (19... Be8 $16 20. Bg3 (20. Ng6 fxg6 21. Bxe6+ Bf7 $14) 20... Rb8) 20. Nxc6 $18 Rxc6 {[%emt 0:00:04] [#]} (20... Nxc6 {was necessary.} 21. Qxa6 Bd6) 21. d5 $1 exd5 {[%emt 0:00:24] [#]} 22. Nxd5 $1 Nfxd5 23. Bxd5 {[%emt 0:00:01] A strong pair of Bishops.} Qc8 24. Qxe7 Rc2 (24... Nxd5 $142 25. Rxd5 Re8) 25. Qxb4 Qf5 26. Bg3 Rcc8 27. Qe4 Qf6 28. Bh4 Qxb2 29. Rab1 Qa3 30. Be7 1-0

[Event "European Women Blitz-ch 2024"]
[Site "Monaco"]
[Date "2025.01.10"]
[Round "13.16"]
[White "Hrebenshchykova, Yelyzaveta"]
[Black "Bulmaga, Irina"]
[Result "1-0"]
[Annotator "TA"]
[ECO "C65"]
[WhiteElo "2280"]
[BlackElo "2386"]
[PlyCount "107"]
[EventDate "2025.01.06"]
[EventType "swiss"]
[EventCountry "MNC"]
[SourceTitle "playchess.com"]
[Source "ChessBase"]
[SourceQuality "1"]
[TimeControl "180+2"]

1. e4 e5 2. Nf3 Nc6 3. Bb5 Nf6 4. d3 Bc5 5. c3 d6 (5... O-O $11) 6. O-O (6. d4 $1 $14 exd4 7. cxd4 Bb4+ 8. Bd2) 6... Bg4 $2 {[%emt 0:00:05] [#]} (6... O-O $11 {and Black stays safe.}) 7. Be3 $2 (7. d4 $1 $18) 7... Bb6 8. Nbd2 {[%emt 0:00:03] The position is equal.} h6 9. Nc4 Bxe3 10. Nxe3 Bd7 11. Re1 Ne7 12. Bxd7+ Nxd7 13. d4 O-O 14. Qb3 Qc8 15. Rad1 a5 16. a4 Ng6 17. Nf5 Kh7 18. g3 {[%emt 0:00:01] White has more active pieces.} Nb6 19. Kg2 Qe8 20. Ra1 (20. Nxd6 {simplifies} Qxa4 21. Qxa4 Nxa4 22. Nc4) 20... Rd8 21. h4 Qd7 22. h5 Ne7 23. N3h4 (23. Nxe7 $16 Qxe7 24. Qb5) 23... Ng8 24. Nf3 Nf6 (24... Ne7 $11) 25. dxe5 $16 dxe5 26. Nxe5 Qe8 27. Nf3 Nxh5 28. e5 g6 29. N5d4 Ng7 30. Rh1 Qe7 {[%emt 0:00:10] Repels Ng5+} (30... h5 $16 {was worth a try.}) 31. Qc2 (31. Rae1 $18) 31... Nd5 $2 (31... h5 $16) 32. Qc1 $2 (32. Rxh6+ $18 Kxh6 33. Rh1+ Nh5 34. Nf5+ gxf5 35. Qxf5 Ne3+ 36. fxe3 Rd2+ 37. Nxd2) 32... h5 33. Ng5+ Kg8 34. Re1 c5 (34... f6 $11 35. exf6 Qxf6) 35. Nb5 (35. Ndf3 $16) 35... Nf5 ({Black should play} 35... h4 $15 36. Nd6 (36. gxh4 f6 $17) 36... f6) 36. Nf3 $11 Rd7 37. Qc2 Rfd8 (37... h4 $11) 38. Re4 $14 Nc7 39. Re2 (39. Nxc7 $14 Rxc7 40. e6) 39... Nxb5 40. axb5 b6 (40... Rd3 {keeps more tension.} 41. e6 Kg7 42. Ra4 Qf6) 41. Rae1 Kg7 42. e6 Rd6 (42... Rd3 $11 {remains equal.}) 43. exf7 $16 Qxf7 44. Ng5 Qf6 (44... Qd5+ $14 45. Qe4 Qxe4+ 46. Rxe4 Kf6) 45. Ne4 Qf7 46. Nxd6 Rxd6 47. Qe4 Rf6 48. Qe5 Qb7+ 49. Kg1 {[%emt 0:00:02] White is clearly winning.} Qf7 (49... Nd6 $142 50. Qe7+ Qxe7 51. Rxe7+ Kf8) 50. Qb8 $18 Kh7 51. Re8 {[%emt 0:00:01][%cal Og3g4,Be2e8,Be8e5,Be5e7][%mdl 32] [#] g4! would now be deadly.} g5 52. R8e5 h4 53. g4 Nh6 54. Re7 {[%emt 0:00:01] Weighted Error Value: White=0.44/Black=0.63.  Loses game:     	---       	Black=3      Missed win:     	White=2     	---        Mistake:       	White=4     	Black=7      Inaccurate:     	White=6     	Black=7      OK:         	White=15    	Black=6      Best:        	White=1     	Black=3} 1-0

[Event "European Women Blitz-ch 2024"]
[Site "Monaco"]
[Date "2025.01.10"]
[Round "13.17"]
[White "Maisuradze, Nino"]
[Black "Socko, Monika"]
[Result "1/2-1/2"]
[Annotator "TA"]
[ECO "E14"]
[WhiteElo "2174"]
[BlackElo "2371"]
[PlyCount "105"]
[EventDate "2025.01.06"]
[EventType "swiss"]
[EventCountry "MNC"]
[SourceTitle "playchess.com"]
[Source "ChessBase"]
[SourceQuality "1"]
[TimeControl "180+2"]

1. d4 Nf6 2. c4 e6 3. Nf3 Bb4+ 4. Nbd2 b6 5. a3 Bxd2+ 6. Qxd2 Bb7 7. e3 O-O 8. b4 a5 9. Bb2 Ne4 10. Qc2 axb4 11. axb4 Rxa1+ 12. Bxa1 Qe7 13. c5 (13. b5 $5) 13... d5 (13... Bd5 $11) 14. Bd3 $14 Nc6 15. Bc3 (15. Qb2 $14) 15... bxc5 $11 16. bxc5 f5 (16... e5 $11 {remains equal.} 17. Bxe4 (17. dxe5 Qxc5 18. O-O Nxc3 $11) (17. Nxe5 Nxe5 18. dxe5 Nxc3 $11) 17... dxe4 18. Qxe4 Rb8) 17. O-O $16 Nd8 (17... Ra8 $14) 18. Ne5 Nf7 19. c6 (19. Nxf7 $1 $16 Qxf7 20. Ba1) 19... Nxe5 $1 $14 20. cxb7 (20. dxe5 $14 Bxc6 21. Bd4) 20... Nxd3 $11 21. Qxd3 {[%emt 0:00:00] and Ra1 would now be decisive} Qa3 $2 {[%emt 0:00:01][%mdl 8192] [#]} (21... Rb8 $11 {and Black is okay.}) 22. Qb5 $1 Nxc3 23. b8=Q Nxb5 24. Qxb5 {[%emt 0:00:00][%mdl 4096] Endgame KQR-KQR. Black is a pawn up.} Qd6 25. f4 (25. g3 $11) 25... Ra8 $15 26. Rc1 Qa3 $36 {[%emt 0:00:16][%csl LRc1,LRe3][%mdl 2048] White is under strong pressure.} 27. Re1 Qc3 {[%emt 0:00:01] Prevents Qc6.} (27... Qa5 {simplifies} 28. Qxa5 Rxa5 29. Rc1 Ra7) 28. Kf2 {[%emt 0:00:02] [#]} Ra2+ (28... Kf7 $1 $17) 29. Re2 $11 Rxe2+ 30. Qxe2 {[%emt 0:00:01] KQ-KQ. Black is a pawn up.} (30. Kxe2 $11 Qc4+ 31. Qxc4 dxc4 32. Kd2) 30... c5 (30... Qc6 $15) 31. dxc5 (31. Qb5 $11 Qd2+ (31... cxd4 32. Qe8#) 32. Kf3 Qd1+ (32... cxd4 33. Qe8#) 33. Kf2 Qd2+ (33... cxd4 34. Qe8#)) 31... Qxc5 $15 32. Qb2 Kf7 33. Qb7+ Qe7 34. Qb2 Qa7 35. Kf3 h6 36. h3 Qa4 37. Kf2 Qc6 38. g4 fxg4 39. hxg4 Qc7 40. Qd4 Qc2+ 41. Kg3 Qc1 42. Kf2 Qh1 43. Qa7+ {[%emt 0:00:02] [#]} ({White should play} 43. Kg3 $1 $15) 43... Kg6 $1 $17 44. f5+ exf5 45. gxf5+ Kxf5 ({Better is} 45... Kh7 $17 {...Qh2+ would now be deadly.} 46. Qf7 Qe4) 46. Qf7+ $11 Ke4 47. Qe7+ (47. Qxg7 Qf3+ 48. Ke1 Qxe3+ (48... Kxe3 49. Qxh6+ Kd4 50. Qb6+ Kc4 51. Qc6+ Kb4 52. Qb6+ Ka4 53. Qa6+ Kb4 54. Qb6+ Kc4 55. Qa6+ Kc5 56. Qa7+ Kb4 57. Qb6+ $11) 49. Kf1 Qf3+ 50. Kg1 h5 51. Qg6+ Kf4 $19) 47... Kd3 48. Qa3+ Kd2 49. Qb2+ Kd3 {[%emt 0:00:01] ( -> ...Qh2+)} 50. Qa3+ Kc4 51. Qa4+ Kc3 52. Qa3+ Kc4 53. Qa4+ 1/2-1/2

[Event "European Women Blitz-ch 2024"]
[Site "Monaco"]
[Date "2025.01.10"]
[Round "13.18"]
[White "Kanyamarala, Trisha"]
[Black "Agrest, Inna"]
[Result "1-0"]
[Annotator "TA"]
[ECO "D33"]
[WhiteElo "2158"]
[BlackElo "2159"]
[PlyCount "205"]
[EventDate "2025.01.06"]
[EventType "swiss"]
[EventCountry "MNC"]
[SourceTitle "playchess.com"]
[Source "ChessBase"]
[SourceQuality "1"]
[TimeControl "180+2"]

1. d4 d5 2. c4 e6 3. Nf3 c5 4. cxd5 exd5 5. Nc3 Nf6 6. g3 Nc6 7. Bg2 cxd4 8. Nxd4 Bc5 9. Nb3 Bb6 10. Nxd5 Nxd5 11. Qxd5 Qxd5 12. Bxd5 Nb4 13. Be4 f5 14. Bb1 Be6 15. Bd2 Nc6 16. Bc3 O-O 17. O-O (17. e3 $16) 17... a5 (17... f4 $14) 18. Bd3 Nb4 19. Bb1 Nc6 $1 20. Rd1 (20. e3 $16) 20... Rfd8 (20... f4 $1 $11) 21. Bc2 Nb4 22. Bxb4 axb4 23. Rxd8+ Rxd8 24. Rd1 Rc8 25. Bd3 Kf7 26. Kg2 g6 27. f3 (27. Bb1 $14 {is more appropriate.}) 27... Be3 $11 28. Re1 Ra8 29. Nc1 (29. Bb1 $1 $11) 29... Ke7 (29... b3 $1 $15 30. Nxb3 Rxa2) 30. b3 $2 (30. Bb1 $11) 30... Kd6 $2 (30... Rc8 $1 $19 31. Bc4 Bd2 (31... Bxc4 32. bxc4 Rxc4 33. Nd3 $15)) 31. Bb1 $14 Ke7 32. Nd3 Bd2 33. Rd1 Bc3 34. Nf4 Ra5 35. Nd3 (35. Kf2 $16) 35... Rd5 {[%emt 0:00:07] [#]} (35... Ra8 $1 $11) 36. e4 (36. Nf2 $1 $16) 36... fxe4 $11 37. fxe4 Ra5 38. h3 g5 39. Ne1 h6 40. Nf3 Ra8 41. Ng1 Rc8 42. Ne2 Be5 43. Ng1 Rc3 44. Ne2 Re3 $2 (44... Rc8 $11) 45. Kf2 $16 Rxe2+ 46. Kxe2 Bxg3 $18 {[%emt 0:00:01][%mdl 4096] Endgame KRB-KB} 47. Rd3 Be5 48. Bc2 h5 (48... Bd7 $142) 49. Kf2 h4 50. Bd1 Bd7 51. Bf3 $2 (51. Bg4 $18 Bc6 52. Kf3) 51... Bf4 $2 {[%emt 0:00:04][%mdl 8192] A strong pair of Bishops.} (51... Bxh3 $17 {Strongly threatening ...Be6.} 52. Rd5 Kf6) 52. Rd1 $2 (52. Kg2 $18) 52... Bb5 $2 (52... Bxh3 $11 53. Rd4 Bd7) 53. Be2 Bc6 54. Kf3 Ke6 55. Bc4+ (55. Rd4 $18) 55... Ke7 56. Bd5 Bd7 57. Rh1 (57. Bxb7 $6 Bxh3 58. Rh1 Bd7 $11) 57... b6 58. Bc4 Kd6 $2 (58... Kf6 $16 59. Kg2 Bc6) 59. Rd1+ (59. Bf7 $18 {has better winning chances.}) 59... Ke7 $16 60. Bf1 Be6 (60... Bg3 $16 61. Rd5 Bf4) 61. Bg2 (61. Rd4 $18) 61... Be5 62. Bf1 Bf4 $1 63. Rd4 Bd6 64. Rd1 Bf4 $1 65. Bg2 Be5 66. Bf1 Bf4 $1 67. Re1 Be5 68. Rd1 Bf4 $1 69. Bg2 Be5 70. Rc1 Kd7 {[%emt 0:00:03] Dodges Rc6} (70... Bd7 $16 71. Rd1 Be6) 71. Bf1 Bf4 72. Rc2 Be5 73. Kg2 Ke7 (73... g4) 74. Be2 Bf4 $2 (74... Bc3 75. Rc1 Bg8) 75. Bg4 Bf7 76. Rc6 Be3 77. Rc7+ Kf6 (77... Kf8 $142 78. Kf3 Bc5) 78. Rc6+ Ke7 $1 79. Rc7+ $2 (79. Bf5 $18) 79... Kf8 $2 (79... Kf6 $1 $11 80. e5+ Kxe5 81. Rxf7 Bf4) 80. e5 $18 Bf4 81. Rc8+ Ke7 82. Rb8 Bxe5 83. Rb7+ (83. Rxb6 Bd6 84. Rb5 Kf6 85. Rf5+ Kg6 $18) 83... Kf8 84. Rxb6 Bd5+ $2 (84... Bc3 85. Rb5 Bd2) 85. Kf1 Bf4 (85... Bc3 {was necessary.} 86. Rb5 Be4 87. Rxg5 Kf7) 86. Rxb4 Ke7 87. Ra4 Kd6 88. Ra6+ Kc5 89. Ra5+ Kd6 90. b4 Bd2 91. a3 Be3 92. Ra6+ Ke5 93. Ra5 $2 ({Better is} 93. b5 $18) 93... Kd4 $2 (93... Kd6 $1 $11 {and Black stays safe.}) 94. Be2 Be6 {[%emt 0:00:02] [#]} 95. Kg2 $1 Bd5+ 96. Bf3 Bc4 97. Rc5 Bc1 98. a4 Bd2 99. Rf5 {[%emt 0:00:05] Black must now prevent b5.} Bf4 (99... g4 $142 100. hxg4 (100. Bxg4 Bxb4 101. Bf3 Be7 $18) 100... Bxb4) 100. b5 Kc3 101. b6 Ba6 102. b7 {[%emt 0:00:02][%cal Of5f4] White threatens Rxf4! and mate.} Bc4 {[%emt 0:00:02] [#]} 103. Rxf4 $1 1-0